 Dungeon Crawl Stone Soup version 0.23-a0-275-g0cf4261 (webtiles) character file.

212 varaam the Slasher (level 5, 10/45 HPs)
             Began as a Centaur Monk on Oct 2, 2018.
             Was a Believer of Wu Jian.
             Quit the game on level 4 of the Dungeon.
             The game lasted 00:20:21 (3887 turns).

varaam the Slasher (Centaur Monk)                   Turns: 3887, Time: 00:20:22

Health: 10/45      AC:  4    Str: 13    XL:     5   Next: 58%
Magic:  5/5        EV: 11    Int:  9    God:    Wu Jian [**....]
Gold:   121        SH:  0    Dex: 13    Spells: 4/4 levels left

rFire    . . .     SeeInvis .   a - +0 falchion
rCold    . . .     Gourm    .   (no shield)
rNeg     . . .     Faith    .   b - +0 robe
rPois    .         Spirit   .   (no helmet)
rElec    .         Reflect  .   (no cloak)
rCorr    .         Harm     .   (no gloves)
MR       .....                  (no barding)
Stlth    ..........             (no amulet)
HPRegen  0.15/turn              o - ring of attention (curse)
MPRegen  0.09/turn              (no ring)

@: very quick
A: large, hooves 3, deformed body, speed 2, tough skin 3
a: Wall Jump, Renounce Religion


You were on level 4 of the Dungeon.
You worshipped Wu Jian.
Wu Jian was pleased with you.
You were hungry.

You visited 1 branch of the dungeon, and saw 4 of its levels.

You collected 121 gold pieces.

Inventory:

Hand Weapons
 a - a +0 falchion (weapon)
 j - a +0 hunting sling
Missiles
 d - 31 arrows
 r - 3 tomahawks (quivered)
 Q - 86 stones
Armour
 b - a +0 robe (worn)
 p - a +0 buckler
Jewellery
 o - a cursed ring of attention (left hand)
Scrolls
 g - a scroll of fear {unknown}
 h - 3 scrolls of identify {unknown}
 k - a scroll of amnesia {unknown}
 m - a scroll of magic mapping {unknown}
 n - 2 scrolls of remove curse {unknown}
Potions
 e - a potion of lignification {unknown}
 f - a potion of degeneration {unknown}
 i - 4 potions of curing {unknown}
 l - 2 potions of flight {unknown}
Comestibles
 c - 7 rations


   Skills:
 - Level 3.0 Fighting
 - Level 4.8 Long Blades
 + Level 0.5 Throwing
 + Level 3.3 Dodging
 - Level 1.1 Stealth


You had 4 spell levels left.
You didn't know any spells.
Your spell library was empty.

Dungeon Overview and Level Annotations

Branches:
Dungeon (4/15)
 Temple: D:4-7

Altars:
Dithmenos
Trog
Wu Jian


Innate Abilities, Weirdness & Mutations

You have hooves in place of feet.
Armour fits poorly on your strangely shaped body.
You cover ground very quickly.
You have extremely tough skin. (AC +3)


Message History

The quokka misses you.
Okay, then.
You have no room to wall jump there.
Please select an adjacent position to wall jump against.
You have no room to wall jump there; the quokka is in the way.
You have no room to wall jump there; the quokka is in the way.
You hit the quokka. You kick the quokka.
The quokka bites you but does no damage. x2
You closely miss the quokka. The gnoll barely misses you.
The quokka barely misses you.
You barely miss the quokka.
The gnoll hits you from afar with a spear.
* * * LOW HITPOINT WARNING * * *
The quokka closely misses you.
You take 5 damage, and have 13/45 hp.
You barely miss the quokka.
The gnoll hits you from afar with a spear.
* * * LOW HITPOINT WARNING * * *
The quokka barely misses you.
You riposte.
You closely miss the quokka.
You take 4 damage, and have 9/45 hp.

## .. ### ## #<# #.
######.# #. ##....#.#..
#. #..##.#.#.. #.
#@###.#.#.# #.
##r.##...#># #.
#g...#.#.#.# #.
##gg..#.#.#.# #.
####.....#.#<#.#######.
#........#.#.........'.
#.##.#####.#.#.###.###.
#....#.....#...........
#.##.#.#####.#.#...#...


You could see 3 gnolls and a quokka.

Vault maps used:
D:1:      roderic_crop_circles_arrival_small
D:2:      kennysheep_generic_room_9
D:3:      lemuel_crystal_altar, grunt_dithmenos_smoke_and_mirrors
D:4:      bloody_trog, first_ration, serial_co_window_serial, co_window_paths_a,
          co_window_cross_1, co_window_corner_a, co_window_paths_a,
          co_window_paths_a, co_window_of_opportunity_c, co_window_2corner,
          co_window_of_opportunity_c, co_window_broadway_a, co_window_paths_d

Notes
Turn   | Place    | Note
-------+----------+-------------------------------------------
     0 | D:1      | varaam the Centaur Monk began the quest for the Orb.
     0 | D:1      | Reached XP level 1. HP: 19/19 MP: 1/1
    96 | D:1      | Reached skill level 3 in Long Blades
   281 | D:1      | Reached XP level 2. HP: 26/26 MP: 2/2
   810 | D:3      | Found a shadowy altar of Dithmenos.
   847 | D:3      | Found an ornate altar of the Wu Jian Council.
   851 | D:3      | Reached XP level 3. HP: 20/31 MP: 3/3
   860 | D:3      | Became a worshipper of the Wu Jian Council
   860 | D:3      | Reached * piety under Wu Jian
   860 | D:3      | Reached ** piety under Wu Jian
  1324 | D:1      | Reached skill level 4 in Long Blades
  1630 | D:2      | Identified a ring of attention (You found it on level 2 of
                  | the Dungeon)
  1665 | D:2      | Identified a +0 falchion
  2213 | D:2      | Reached XP level 4. HP: 26/38 MP: 4/4
  2667 | D:4      | Noticed a phantom
  2719 | D:4      | Found a bloodstained altar of Trog.
  2737 | D:4      | Identified a +0 hunting sling (You took it off a hobgoblin
                  | on level 2 of the Dungeon)
  3479 | D:4      | Reached XP level 5. HP: 45/45 MP: 5/5
  3591 | D:4      | Reached skill level 3 in Dodging
  3790 | D:4      | Noticed an ogre
  3883 | D:4      | HP: 9/45 [gnoll/spear (4)]
  3887 | D:4      | Quit the game

Table legend:
 A = Turns spent in this place as a percentage of turns spent in the entire game.
 B = Non-inter-level travel turns spent in this place as a percentage of non-inter-level travel turns spent in the entire game.
 C = Inter-level travel turns spent in this place as a percentage of turns spent in this place.
 D = Turns resting spent in this place as a percentage of non-inter-level travel turns spent in this place.
 E = Turns spent auto-exploring this place as a percentage of non-inter-level travel turns spent in this place.
 F = Non-inter-level travel turns spent in this place divided by the number of levels of this place that you've seen.
                   A       B       C       D       E      F
               +-------+-------+-------+-------+-------+----------------------
         Total | 100.0 | 100.0 |   0.0 |  17.3 |  46.8 | 971.8
       Dungeon | 100.0 | 100.0 |   0.0 |  17.3 |  46.8 | 971.8
               +-------+-------+-------+-------+-------+----------------------

Table legend:
 A = Kills in this place as a percentage of kills in entire the game.
 B = Kills by you in this place as a percentage of kills by you in the entire game.
 C = Kills by friends in this place as a percentage of kills by friends in the entire game.
 D = Other kills in this place as a percentage of other kills in the entire game.
 E = Experience gained in this place as a percentage of experience gained in the entire game.
 F = Experience gained in this place divided by the number of levels of this place that you have seen.
                   A       B       C       D       E      F
               +-------+-------+-------+-------+-------+----------------------
         Total | 100.0 | 100.0 |   N/A |   N/A | 100.0 |  76.0
       Dungeon | 100.0 | 100.0 |   N/A |   N/A | 100.0 |  76.0
               +-------+-------+-------+-------+-------+----------------------

Skill      XL: |  1  2  3  4  5 |
---------------+----------------+-----
Long Blades    | 3 4 |  4.8
Dodging        | 3 |  3.3
Fighting       | |  3.0
Throwing       | |  0.5
Stealth        | |  1.1

Action                   |  1- 3 |  4- 6 || total
-------------------------+-------+-------++-------
Melee: Falchion          |   127 |    91 ||   218
       Kick              |    37 |    21 ||    58
 Fire: Hunting sling     |       |     2 ||     2
Throw: Tomahawk          |       |    10 ||    10
Invok: Whirlwind         |    11 |     9 ||    20
       Wall Jump         |     7 |     3 ||    10
       Lunge             |     3 |     4 ||     7
 Stab: Sleeping          |     1 |       ||     1
  Eat: Chunk             |     2 |     5 ||     7
Armor: Robe              |    29 |    21 ||    50
Dodge: Dodged            |    58 |    59 ||   117
       Rpst.: Falchion   |    19 |    17 ||    36

Vanquished Creatures
  An iguana (D:4)
  3 orc wizards
  An adder (D:3)
  3 gnolls (D:3)
  An ooze (D:2)
  An adder skeleton (D:4)
  A worm (D:2)
  2 leopard geckos
  7 orcs
  2 giant cockroaches
  3 goblins
  6 hobgoblins
  3 jackals (D:2)
  5 bats
  2 frilled lizards (D:1)
  7 kobolds
  6 rats
54 creatures vanquished.
